 Dungeon Crawl Stone Soup version 0.21-a0-504-g2eda33064f (webtiles) character file.

165 Kaname the Conjurer (level 5, -3/35 HPs)
             Began as a Demonspawn Wizard on Nov 25, 2017.
             Slain by Grinder (6 damage)
             ... while paralysed by Grinder
             ... on level 3 of the Dungeon.
             The game lasted 00:09:26 (3065 turns).

Kaname the Conjurer (Demonspawn Wizard)             Turns: 3065, Time: 00:09:26

Health: -3/35      AC:  4    Str:  8    XL:     5   Next: 22%
Magic:  1/9        EV:  2    Int: 20    God:
Gold:   168        SH:  0    Dex: 11    Spells: 1/10 levels left

rFire    . . .     SeeInvis .   n - +1 spear (venom)
rCold    . . .     Gourm    .   (no shield)
rNeg     . . .     Faith    .   a - +0 robe
rPois    .         Spirit   .   u - +0 helmet
rElec    .         Reflect  .   f - +0 cloak
rCorr    .         Harm     .   (no gloves)
MR       .....                  (no boots)
Stlth    ++........             (no amulet)
HPRegen  0.11/turn              (no ring)
MPRegen  0.11/turn              (no ring)

@: paralysed
A: powered by pain 1
a: no special abilities


You were on level 3 of the Dungeon.
You were not hungry.

You visited 1 branch of the dungeon, and saw 3 of its levels.

You collected 168 gold pieces.

Inventory:

Hand Weapons
 n - a +1 spear of venom (weapon)
Armour
 a - a +0 robe (worn)
 b - a +0 hat
 f - a +0 cloak (worn)
 u - a +0 helmet (worn)
 z - a cursed +0 ring mail
Jewellery
 t - an uncursed ring of ice {unknown}
Wands
 v - a wand of random effects (18)
Scrolls
 e - 2 scrolls of identify
 h - 4 scrolls of teleportation
 j - 2 scrolls of amnesia {unknown}
 m - a scroll of magic mapping {unknown}
 o - a scroll of noise {unknown}
 r - 3 scrolls of remove curse {unknown}
 w - a scroll of fear {unknown}
 y - a scroll of immolation {unknown}
Potions
 g - 2 potions of flight {unknown}
 i - a potion of curing
 k - a potion of agility {unknown}
 l - 2 potions of degeneration {unknown}
 p - a potion of haste {unknown}
 s - a potion of berserk rage {unknown}
Books
 c - a book of Minor Magic

   Spells                             Type                      Level
   a - Magic Dart                     Conjuration                  1
   b - Blink                          Translocation                2
   c - Call Imp                       Summoning                    2
   d - Slow                           Hexes                        2
   e - Conjure Flame                  Conjuration/Fire             3
   f - Mephitic Cloud                 Conjuration/Poison/Air       3
Comestibles
 d - 3 bread rations
 q - a meat ration
 x - 3 fruits


   Skills:
 - Level 1.7 Dodging
 - Level 1.7 Stealth
 - Level 3.0 Spellcasting
 + Level 4.2 Conjurations
   Level 1.0 Summonings
 - Level 0.8 Translocations
 - Level 1.2 Air Magic
 - Level 2.0 Poison Magic


You had one spell level left.
You knew the following spells:

 Your Spells              Type           Power        Failure   Level  Hunger
a - Magic Dart            Conj           ###.         2%          1    None
b - Blink                 Tloc           N/A          16%         2    ##.....
c - Mephitic Cloud        Conj/Pois/Air  ##......     16%         3    ###....
d - Conjure Flame         Conj/Fire      ##......     19%         3    ###....


Dungeon Overview and Level Annotations

Branches:
Dungeon (3/15)

Altars:
Cheibriados
Dithmenos
Zin

Annotations:
D:3 Grinder; Kaname's ghost, amateur DsWz


Innate Abilities, Weirdness & Mutations

You sometimes gain a little power by taking damage.


Message History

Confirm with . or Enter, or press ? or * to list all spells.
Aiming: Magic Dart
Press: ? - help, Shift-Dir - straight line, f/p - Grinder
Aim: Grinder (almost dead, slow)
The magic dart hits Grinder.
Grinder is almost dead.
Grinder hits you.
You writhe in agony.
Casting: Magic Dart
Confirm with . or Enter, or press ? or * to list all spells.
Aiming: Magic Dart
Press: ? - help, Shift-Dir - straight line, f/p - Grinder
Aim: Grinder (almost dead, slow)
The magic dart hits Grinder.
Grinder is almost dead.
Grinder gestures at you.
You suddenly lose the ability to move!
Grinder hits you!
* * * LOW HITPOINT WARNING * * *
You writhe in agony.
You die...

....................#............
...............####.#..........##
....†...............#..........##
................###.###..........
................#.......#......##
#...............#..#...###.....##
####............#..#...# #.....##
###.........5...##..####......
##.........@........##....##
###.....#...........#....##
#.........###............
#......<.......#.........
#....###................. ######
###.[.#.#####..... ##......#
#..... #......###.....
###.....##.###.


You could see Grinder.

Vanquished Creatures
  Natasha (thrice) (D:2)
  Robin (D:2)
  3 worms
  3 leopard geckos
  5 orcs (D:3)
  2 giant cockroaches (D:1)
  13 goblins
  8 hobgoblins
  6 jackals
  5 bats (D:1)
  4 frilled lizards
  3 kobolds
  6 rats
62 creatures vanquished.

Notes
Turn   | Place    | Note
-------+----------+-------------------------------------------
     0 | D:1      | Kaname the Demonspawn Wizard began the quest for the Orb.
     0 | D:1      | Reached XP level 1. HP: 13/13 MP: 4/4
   606 | D:1      | Reached skill level 2 in Conjurations
   616 | D:1      | Gained mutation: You sometimes gain a little power by taking damage. [demonic ancestry]
   616 | D:1      | Reached XP level 2. HP: 18/19 MP: 0/6
   678 | D:1      | Learned a level 2 spell: Blink
  1292 | D:2      | Reached skill level 3 in Conjurations
  1294 | D:2      | Reached XP level 3. HP: 24/24 MP: 1/7
  1296 | D:2      | Noticed Robin
  1469 | D:2      | HP: 1/24 [jackal (3)]
  1506 | D:2      | Noticed Natasha
  1667 | D:2      | Killed Natasha
  1701 | D:2      | Noticed Natasha
  1722 | D:2      | Killed Natasha
  1722 | D:2      | Reached skill level 4 in Conjurations
  1722 | D:2      | Reached XP level 4. HP: 10/30 MP: 0/8
  1727 | D:2      | Learned a level 3 spell: Mephitic Cloud
  1731 | D:2      | Learned a level 3 spell: Conjure Flame
  1859 | D:2      | Noticed Natasha
  2102 | D:2      | Found a shadowy altar of Dithmenos.
  2113 | D:2      | Killed Robin
  2113 | D:2      | Reached skill level 1 in Poison Magic
  2240 | D:2      | Killed Natasha
  2348 | D:3      | Noticed Grinder
  2445 | D:3      | Noticed Kaname's ghost (amateur DsWz)
  2462 | D:2      | Found a snail-covered altar of Cheibriados.
  2462 | D:2      | Found a glowing silver altar of Zin.
  2533 | D:3      | Reached XP level 5. HP: 21/35 MP: 9/9
  2662 | D:3      | Reached skill level 1 in Air Magic
  2779 | D:3      | Paralysed by something for 5 turns
  2787 | D:3      | Paralysed by something for 3 turns
  3053 | D:3      | Paralysed by Grinder for 6 turns
  3064 | D:3      | Paralysed by Grinder for 4 turns
  3065 | D:3      | Slain by Grinder

Vault maps used:
D:1:      evilmike_arrival_run_for_it, hangedman_glass_teeth
D:2:      nicolae_overflow_hidden_temple, hangedman_decor_push, minivault_4,
          uniq_natasha, uniq_robin
D:3:      nemelex_altar_shiori, uniq_grinder

Skill      XL: |  1  2  3  4  5 |
---------------+----------------+-----
Conjurations   | 2 3 4 |  4.2
Poison Magic   | 2 |  2.0
Air Magic      | 1 |  1.2
Dodging        | |  1.7
Stealth        | |  1.7
Spellcasting   | |  3.0
Summonings     | |  1.0
Translocations | |  0.8

Action                   |  1- 3 |  4- 6 || total
-------------------------+-------+-------++-------
Melee: Unarmed           |    49 |       ||    49
       Spear             |       |    23 ||    23
 Cast: Magic Dart        |    83 |    70 ||   153
Evoke: Wand              |       |     9 ||     9
  Use: Potion            |     1 |       ||     1
       Scroll            |       |     2 ||     2
  Eat: Chunk             |     2 |     5 ||     7
Armor: Robe              |    21 |     6 ||    27
Dodge: Dodged            |    56 |    19 ||    75

Table legend:
 A = Spawn XP
 B = Non-spawn XP
 C = Spawn XP percentage of total XP
 D = Spawn monster count
 E = Non-spawn monster count
 F = Spawn count percentage of total count
 G = Total turns spent on level
                    A         B        C        D         E        F      G
               +---------+---------+-------+---------+---------+-------+---------
         Total |       0 |     237 |   0.0 |       0 |      62 |   0.0 |  3065
               +---------+---------+-------+---------+---------+-------+---------
           D:1 |       0 |      38 |   0.0 |       0 |      22 |   0.0 |  1430
           D:2 |       0 |     153 |   0.0 |       0 |      21 |   0.0 |  1161
           D:3 |       0 |      46 |   0.0 |       0 |      19 |   0.0 |   474
               +---------+---------+-------+---------+---------+-------+---------
